 Dungeon Crawl Stone Soup version 0.31.0-12-g77e489cdc1 (webtiles) character file.

Game seed: 11508399336234399463

469 Killerpretzel the Changeling (level 7, -4/46 HPs)
             Began as an Octopode Shapeshifter on Feb 12, 2024.
             Was an Initiate of Vehumet.
             Slain by a gnoll
             ... wielding a +0 flail
             ... led by a gnoll bouda
              (12 damage)
             ... on level 5 of the Dungeon.
             The game lasted 00:02:55 (3693 turns).

Killerpretzel the Changeling (OpSh)                 Turns: 3693, Time: 00:02:56

Health: -4/46      AC:  1    Str: 19    XL:     7   Next: 9%
Magic:  0/7        EV: 14    Int: 12    God:    Vehumet [......]
Gold:   165        SH:  0    Dex: 14    Spells: 6/6 levels left

rFire   . .          .
                       - Unarmed
rCold   . . .        (no shield)
rNeg    . . .        (helmet currently unavailable)
rPois   .            o - amulet of guardian spirit
rElec   .            g - +6 ring of strength
rCorr   .            p - ring of flight
SInv    .            (no ring)
Will    .....        (no ring)
Stlth   ++           (no ring)
HPRegen 0.27/turn    (no ring)
MPRegen 0.10/turn    (no ring)
                     (no ring)

%: guardian spirit
@: beast-form, flying
A: beast (slay +2), almost no armour, amphibious, 8 rings, camouflage 1,
gelatinous body 1, (nimble swimmer 1), tentacles
a: Begin Untransformation, Renounce Religion


You were on level 5 of the Dungeon.
You worshipped Vehumet.
Vehumet was noncommittal.
You were a hulking beast.
You visited 2 branches of the dungeon, and saw 6 of its levels.

You collected 165 gold pieces.

Inventory:

Missiles
 n - 5 boomerangs (quivered)
Jewellery
 g - a +6 ring of strength (left tentacle)
 o - an amulet of guardian spirit (around mantle)
 p - a ring of flight (right tentacle)
 s - a ring of fire
Talismans
 b - a beast talisman
 c - a flux talisman
Wands
 k - a wand of paralysis (6)
Scrolls
 l - 2 scrolls of revelation
 m - a scroll of enchant weapon {unknown}
 q - a scroll of immolation {unknown}
Potions
 a - a potion of lignification
 d - a potion of curing
 e - a potion of heal wounds {unknown}
 f - a potion of degeneration {unknown}
 h - a potion of haste {unknown}
 i - a potion of mutation {unknown}
 j - a potion of might {unknown}
 u - a potion of magic {unknown}


   Skills:
 + Level 3.1 Fighting
 + Level 3.7 Dodging
 + Level 4.3 Unarmed Combat
 * Level 5.1 Shapeshifting


You had 6 spell levels left.
You didn't know any spells.
Your spell library contained the following spells:

 Spells                   Type           Power      Damage    Failure   Level
 Freeze                   Ice            0%         1d3       32%         1
 Dazzling Flash           Conj/Hex       0%         N/A       69%         3
 Frozen Ramparts          Ice            0%         1d1       69%         3
 Hailstorm                Conj/Ice       0%         3d5       69%         3
 Inner Flame              Hex/Fire       0%         N/A       69%         3
 Volatile Blastmotes      Fire/Tloc      0%         2d10      69%         3
 Irradiate                Conj/Alch      0%         3d11      100%        5
 Starburst                Conj/Fire      0%         6d3       100%        6
 Ignition                 Fire           0%         3d3       100%        8
 Maxwell's Capacitive Co  Air            0%         ∞         100%        8


Dungeon Overview and Level Annotations

Branches:
Dungeon (5/15)             Temple (1/1) D:5

Altars:
Cheibriados
Dithmenos
Elyvilon
Fedhas
Gozag
Hepliaklqana
Kikubaaqudgha
Makhleb
Nemelex Xobeh
Okawaru
Qazlal
Ru
Sif Muna
Trog
Uskayaw
Vehumet
Wu Jian
Xom
Yredelemnul
The Shining One


Innate Abilities, Weirdness & Mutations

You are a hulking beast.
Your limbs bulge with bestial killing power. (Slay +2)
You cannot wear most types of armour.
You are amphibious.
You can wear up to eight rings at the same time.
Your skin changes colour to match your surroundings (Stealth+).
Your rubbery body absorbs attacks. (AC +1, EV +1)
((You are camouflaged when in or above water. (Stealth+)))
You have tentacles for arms and can constrict up to eight enemies at once.


Message History

The gnoll shouts!
You bludgeon the gnoll! You grab the gnoll. You squeeze the gnoll.
You kill the gnoll!
Vehumet accepts your kill.
You hear a shout!
The gnoll closely misses you. The gnoll hits you with a +0 spear!
A gnoll comes into view.
It is wielding a +0 flail of holy wrath.
You tentacle-slap the gnoll. Your grab misses the gnoll.
The gnoll is heavily wounded.
You tentacle-slap the gnoll. You grab the gnoll. You squeeze the gnoll.
You kill the gnoll!
Vehumet accepts your kill. The gnoll bouda closely misses you.
You bludgeon the gnoll bouda! You grab the gnoll bouda.
The gnoll bouda is moderately wounded.
You constrict the gnoll bouda.
The gnoll bouda hits you with a +0 club.
The gnoll barely misses you. The gnoll hits you with a +0 club.
You are too injured to fight recklessly!
There are monsters nearby!
You release your grip on the gnoll bouda.
The gnoll bouda attacks as it pursues you!
The gnoll bouda closely misses you. The gnoll attacks as it pursues you!
The gnoll hits you with a +0 flail! The gnoll attacks as it pursues you!
The gnoll closely misses you.
The gnoll bouda barks out a call to the hunt!
The gnolls pick up the pace!
The gnoll hits you with a +0 flail. The gnoll hits you with a +0 club.
The gnoll attacks as it pursues you! The gnoll hits you with a +0 flail.
The gnoll barely misses you. The gnoll attacks as it pursues you!
The gnoll hits you with a +0 flail! The gnoll attacks as it pursues you!
The gnoll hits you with a +0 flail of holy wrath.
* * * LOW HITPOINT WARNING * * *
The gnoll attacks as it pursues you! The gnoll closely misses you.
You see here a +0 mace.
The gnoll attacks as it pursues you! The gnoll barely misses you.
The gnoll hits you with a +0 flail!
You die...

........... #.# #
#...♣...#.. #.# ##
...♣.♣....# #.# #.
..♣.♣.♣...## #.# #.
♣.♣.♣.♣...#######.# #.
♣._.♣.♣......##..# #.
♣.♣)♣.......##.## ######.
♣.♣$....gg.##.#######......
♣.....g.gh...<............
♣..)#......##.#######......
..............##.# #####..
......##.......##.# #..
##.### ##########.. #.. #.
### #.. # #.. #.. #..


You could see a gnoll bouda and 3 gnolls.

Vanquished Creatures
  A water moccasin (D:5)
  An ice beast (D:5)
  A bombardier beetle (D:4)
  A hound (D:5)
  2 orc priests (D:4)
  An iguana (D:4)
  4 adders
  2 gnolls (D:5)
  2 ribbon worms (D:2)
  3 orcs (D:4)
  6 endoplasms
  5 giant cockroaches
  6 goblins
  14 hobgoblins
  8 kobolds
  A quokka (D:1)
  3 ball pythons
  3 bats
  4 frilled lizards
  2 rats (D:1)
70 creatures vanquished.

Notes
Turn   | Place    | Note
-------+----------+-------------------------------------------
     0 | D:1      | Killerpretzel the Octopode Shapeshifter began the quest for
                  | the Orb.
     0 | D:1      | Reached XP level 1. HP: 13/13 MP: 1/1
   120 | D:1      | Reached XP level 2. HP: 14/18 MP: 2/2
   488 | D:1      | Reached XP level 3. HP: 20/23 MP: 3/3
  1151 | D:2      | HP: 1/24 [poisoned by an adder]
  1277 | D:2      | Found an ancient bone altar of Kikubaaqudgha.
  1391 | D:2      | Reached XP level 4. HP: 29/29 MP: 4/4
  2195 | D:3      | Found a faded altar of an unknown god.
  2323 | D:3      | You fall into a shaft and drop 1 floor!
  2624 | D:4      | Reached skill level 4 in Shapeshifting
  2624 | D:4      | Reached XP level 5. HP: 8/34 MP: 5/5
  2848 | D:4      | Reached XP level 6. HP: 19/41 MP: 6/6
  3308 | D:4      | Found a bloodstained altar of Trog.
  3346 | D:5      | Entered Level 5 of the Dungeon
  3393 | D:5      | Noticed an ice beast
  3399 | D:5      | Killed an ice beast
  3565 | D:5      | Found a staircase to the Ecumenical Temple.
  3585 | Temple   | Entered the Ecumenical Temple
  3594 | Temple   | Became a worshipper of Vehumet
  3605 | D:5      | Noticed a water moccasin
  3607 | D:5      | Noticed a shadow
  3624 | D:5      | Killed a water moccasin
  3625 | D:5      | Reached skill level 5 in Shapeshifting
  3625 | D:5      | Reached XP level 7. HP: 40/46 MP: 5/7
  3679 | D:5      | Found an iron altar of Okawaru.
  3693 | D:5      | Slain by a gnoll

Illustrated notes

Levels and vault maps discovered:
D:1:      reono_arrival_mine, layout_basic, grunt_decor_one_mirror
D:2:      layout_basic, basic_altar, dreamdust_mushroom_princess
D:3:      layout_loops_cross, ebering_ecumenical_altar_abandoned
D:4:      layout_basic, lightli_temple_of_fire, minmay_bent
D:5:      layout_loops_cross, okawaru_trees_2,
          minmay_temple_entry_statues_fountains, guppyfry_early_lair_pool,
          uniq_pikel
Temple:   regret_index_temple_mists

Skill      XL: |  1  2  3  4  5  6 |
---------------+-------------------+-----
Fighting       | 2 3 |  3.1
Shapeshifting  | 4 5 |  5.1
Dodging        | 3 |  3.7
Unarmed Combat | 4 |  4.3

Action                     |  1- 3 |  4- 6 |  7- 9 || total
---------------------------+-------+-------+-------++-------
  Melee: Unarmed           |    74 |    62 |     4 ||   140
         Constrict         |    21 |    17 |     3 ||    41
         Tentacles         |    14 |    16 |     2 ||    32
         Punch             |     1 |     1 |       ||     2
  Evoke: Wand              |       |     1 |       ||     1
    Use: Scroll            |     1 |     7 |       ||     8
   Stab: Sleeping          |     4 |     5 |       ||     9
         Distracted        |     1 |       |       ||     1
         Paralysed         |       |     3 |       ||     3
 Armour: Skin              |    21 |    31 |    10 ||    62
  Dodge: Dodged            |    26 |    39 |     8 ||    73
